Map: Pillars of Gold LE

Players

Geralt (Gerald) - Winner!

  • Race: Protoss Protoss
  • League: Grandmaster
  • Spawn Location: 7:00

Lambo

  • Race: Zerg Zerg
  • League: Grandmaster
  • Spawn Location: 1:00

Event: StayAtHome Story Cup #3

VOD

Have the link to the VOD?

Description

Time

  • Played on: March 11, 2021, 7:49 a.m.
  • Length: 10:03

All games in this series

Show
View Real Time Build Order
Export as new Build Order

Geralt Protoss - Winner!

Build Orders: 1 Gate Expand, Oracle Opening 

Get SALT Encoding   

  12  0:00  Probe  
  13  0:12  Probe  
  14  0:18  Pylon  
  14  0:24  Probe (Chrono Boost)  
  15  0:36  Probe (Chrono Boost)  
  15  0:40  Gateway  
  16  0:44  Probe (Chrono Boost)  
  17  0:50  Assimilator  
  17  0:52  Probe  
  18  1:04  Probe  
  19  1:16  Probe  
  20  1:28  Nexus  
  20  1:37  Cybernetics Core  
  20  1:42  Probe  
  21  1:50  Assimilator  
  21  1:58  Probe, Pylon  
  22  2:11  Probe  
  23  2:17  Stargate, Adept (Chrono Boost)  
  25  2:23  Probe  
  26  2:30  Warp Gate  
  26  2:35  Probe  
  27  2:37  Adept (Chrono Boost)  
  27  2:42  Probe  
  30  2:48  Probe  
  31  2:54  Probe  
  32  2:59  Oracle (Chrono Boost)  
  32  3:00  Probe  
  38  3:07  Adept  
  38  3:10  Probe  
  38  3:12  Probe  
  40  3:22  Probe  
  40  3:24  Probe, Pylon  
  42  3:34  Probe, Gateway  
  42  3:36  Probe  
  44  3:42  Oracle  
  44  3:46  Probe  
  48  3:53  Probe  
  49  3:59  Probe  
  46  4:05  Probe  
  46  4:06  Pylon  
  46  4:08  Twilight Council  
  47  4:11  Probe  
  47  4:14  Assimilator  
  48  4:17  Probe  
  48  4:18  Stalker  
  48  4:23  Probe, Pylon  
  52  4:29  Probe  
  52  4:30  Oracle (Chrono Boost)  
  56  4:35  Probe  
  56  4:37  Nexus  
  57  4:41  Adept  
  55  4:55  Probe, Adept  
  55  4:56  Probe  
  59  5:00  Blink  
  59  5:03  Forge  
  59  5:04  Assimilator  
  60  5:07  Probe  
  60  5:10  Gateway  
  60  5:11  Probe  
  60  5:14  Gateway  
  61  5:19  Probe  
  62  5:22  Oracle  
  62  5:23  Probe  
  66  5:31  Probe  
  66  5:35  Probe  
  68  5:43  Probe  
  68  5:45  Protoss Ground Weapons Level 1 (Chrono Boost)  
  68  5:47  Probe  
  68  5:59  Probe x2 (Chrono Boost)  
  68  6:01  Gateway x2  
  68  6:02  Probe (Chrono Boost)  
  70  6:05  Sentry  
  70  6:06  Sentry  
  70  6:07  Robotics Facility, Sentry  
  70  6:09  Probe (Chrono Boost)  
  70  6:11  Probe (Chrono Boost), Shield Battery  
  79  6:12  Probe (Chrono Boost)  
  79  6:14  Probe (Chrono Boost)  
  80  6:19  Probe  
  80  6:21  Probe  
  82  6:26  Probe  
  82  6:30  Pylon x2  
  82  6:31  Probe, Assimilator  
  84  6:33  Probe  
  84  6:39  Pylon  
  85  6:44  Pylon  
  85  6:47  Assimilator  
  85  6:48  Probe  
  85  6:51  Gateway  
  88  6:54  Gateway, Stalker x3  
  88  6:55  Shield Battery  
  88  6:56  Immortal  
  88  6:58  Shield Battery  
  88  7:00  Stalker x2  
  100  7:04  Stalker  
  100  7:07  Shield Battery  
  102  7:14  Robotics Bay  
  102  7:20  Stalker x3  
  108  7:31  Stalker x3  
  112  7:38  Immortal (Chrono Boost)  
  116  7:46  Pylon x2  
  116  7:48  Pylon  
  116  7:56  Pylon  
  114  8:05  Stalker  
  114  8:06  Stalker x6  
  128  8:17  Disruptor (Chrono Boost)  
  128  8:21  Nexus  
  128  8:30  Robotics Facility  
  128  8:33  Pylon  
  128  8:39  Disruptor (Chrono Boost)  
  123  8:46  Stalker x4  
  123  8:47  Stalker  
  134  8:50  Pylon  
  116  9:13  Stalker x7  
  116  9:14  Disruptor  
  94  9:41  Stalker x2  
  94  9:42  Stalker  
  100  9:51  Stalker x3  
Show
View Real Time Build Order
Export as new Build Order

Lambo Zerg 

Build Orders: Hatch First 

Get SALT Encoding   

  12  0:00  Drone  
  13  0:12  Overlord  
  13  0:17  Drone  
  14  0:31  Drone x2  
  16  0:49  Drone  
  17  0:51  Drone  
  17  0:57  Hatchery  
  17  1:00  Drone  
  18  1:08  Extractor  
  17  1:16  Spawning Pool  
  16  1:18  Drone  
  16  1:23  Drone  
  18  1:29  Drone  
  19  1:42  Drone  
  20  1:54  Overlord  
  20  2:02  Queen  
  20  2:08  Queen  
  22  2:09  Drone, Zergling x2  
  22  2:13  Zergling x2  
  22  2:14  Metabolic Boost  
  27  2:19  Drone  
  27  2:21  Drone  
  29  2:32  Drone  
  30  2:41  Hatchery  
  30  2:43  Drone  
  30  2:44  Drone  
  31  2:52  Drone, Overlord  
  32  2:59  Queen  
  32  3:03  Drone  
  35  3:06  Drone  
  36  3:15  Spore Crawler  
  36  3:18  Drone x3  
  36  3:19  Drone x2  
  41  3:20  Overlord  
  41  3:25  Queen  
  43  3:30  Zergling x2  
  44  3:36  Spore Crawler  
  44  3:37  Queen  
  44  3:38  Drone  
  46  3:41  Spore Crawler  
  46  3:43  Drone  
  44  3:52  Drone x3  
  42  4:00  Drone x2  
  43  4:03  Drone  
  43  4:07  Drone x2  
  46  4:10  Drone  
  46  4:12  Drone  
  46  4:14  Drone  
  46  4:15  Drone  
  50  4:19  Drone x2  
  50  4:21  Drone  
  53  4:25  Drone  
  53  4:26  Drone  
  53  4:28  Drone  
  56  4:31  Overlord  
  56  4:38  Overlord x2  
  56  4:41  Overlord  
  56  4:47  Overlord  
  52  4:53  Drone x5  
  52  4:57  Lair  
  52  4:58  Drone, Roach Warren  
  52  4:59  Zergling x2  
  58  5:01  Zergling x4  
  58  5:05  Extractor, Drone x2  
  58  5:06  Extractor  
  60  5:07  Drone x2  
  60  5:11  Queen  
  64  5:14  Overlord  
  64  5:15  Drone  
  64  5:17  Drone  
  64  5:18  Drone  
  64  5:20  Drone x2  
  69  5:23  Extractor x2, Drone  
  69  5:25  Zergling x2  
  69  5:28  Spore Crawler  
  69  5:35  Drone x6  
  72  5:36  Drone  
  72  5:39  Overlord  
  72  5:42  Drone  
  70  5:45  Drone x2  
  70  5:49  Drone x3  
  75  5:54  Glial Reconstitution  
  75  5:56  Overlord  
  74  5:58  Roach  
  74  6:02  Roach  
  78  6:08  Extractor, Roach  
  78  6:09  Roach x2  
  78  6:10  Evolution Chamber  
  81  6:18  Roach x2  
  81  6:19  Overlord, Roach  
  81  6:21  Roach x3  
  81  6:24  Roach x2  
  97  6:30  Roach x3  
  104  6:33  Overlord  
  104  6:34  Roach x2  
  108  6:43  Roach x4  
  108  6:45  Overlord  
  116  6:48  Overlord  
  116  6:51  Overlord  
  116  6:52  Roach  
  118  6:54  Ravager  
  118  6:55  Ravager x3  
  118  6:56  Roach  
  118  7:00  Roach x2  
  128  7:02  Ravager x2, Overlord  
  128  7:05  Overlord  
  128  7:08  Zergling x2, Roach  
  133  7:10  Ravager  
  133  7:11  Zergling x4, Ravager  
  141  7:15  Roach x2  
  141  7:17  Zergling x2  
  141  7:18  Zergling x2  
  141  7:22  Zergling x2, Roach x2  
  146  7:24  Zergling x2  
  146  7:26  Ravager  
  146  7:27  Roach x2  
  152  7:30  Roach  
  152  7:35  Roach x3  
  154  7:40  Zergling x2  
  154  7:41  Zergling x4  
  153  7:47  Roach  
  153  7:48  Roach x4  
  153  7:49  Ravager  
  153  7:50  Zergling x2  
  153  7:51  Zergling x2  
  166  7:54  Overlord  
  166  7:57  Zergling x2  
  159  8:02  Zergling x6, Roach  
  160  8:05  Roach  
  160  8:09  Zergling x2  
  158  8:13  Roach  
  158  8:15  Roach  
  158  8:16  Roach x2  
  158  8:18  Ravager x2  
  158  8:19  Roach x4  
  173  8:20  Ravager  
  173  8:22  Zergling x2  
  173  8:26  Queen  
  176  8:28  Overlord  
  176  8:29  Ravager  
  176  8:30  Overlord  
  176  8:31  Overlord  
  176  8:33  Roach  
  177  8:37  Roach  
  174  8:42  Zergling x2, Roach x2  
  174  8:44  Zergling x2  
  174  8:47  Zergling x2, Roach x2  
  183  8:49  Ravager  
  183  8:50  Roach x2  
  183  8:52  Queen  
  183  8:54  Ravager x2  
  175  8:57  Roach  
  175  9:00  Roach  
  175  9:02  Roach  
  169  9:06  Roach  
  156  9:11  Roach  
  156  9:15  Roach x2  
  140  9:23  Roach x2  
  131  9:27  Roach  
  131  9:36  Roach x3  
  131  9:37  Baneling Nest  
  131  9:38  Evolution Chamber  
  133  9:43  Roach  
  133  9:45  Hatchery, Zergling x2  
Tags
 
Add a new tag
Caveats
  • Supply blocks, unpowered buildings, or Contaminate may cause inaccurate times.
  • Supply counts are checked every 10 seconds.